AoeStats
← TKBXPT2214

African Clearing

505550473Analyzed
4v4 RM · 24d ago on Sep 9, 2026· 51m 38s· 8 players
Game mode
Random Map
Map size
Large (8 player)
Population
200
Speed
Normal
Resources
Standard
Victory
Conquest
Starting age
Dark Age
Ending age
Imperial Age
RankedLock teamsTeams togetherTeam positionsShared explorationLock speedFull tech treeHidden civsTurbo modeCheats
Victory
Defeat
🇧🇷 Spanish · Brazil
1065
+17
🇦🇷 Franks · Argentina
1065
+17
🇩🇪 Celts · Germany
1051
+18
🇧🇷 Lithuanians · Brazil
1023
+19
🇲🇽 Persians · Mexico
1111
-19
🇲🇽 Italians · Mexico
1105
-18
🇲🇽 Mongols · Mexico
1102
-18
🇲🇽 Celts · Mexico
1056
-16
Sinbad
9:30 Loom
13:13 Feudal Age
14:41 Double-Bit Axe
17:06 Castle Age
15:42 Horse Collar
19:05 Bow Saw
28:47 Wheelbarrow
30:46 Hand Cart
31:40 Heavy Plow
33:24 Scale Barding Armor
33:30 Forging
33:18 Town Watch
33:37 Hill Forts
36:47 Imperial Age
34:57 Fletching
35:08 Padded Archer Armor
35:01 Pikeman
35:41 Squires
35:27 Arson
35:41 Bodkin Arrow
35:24 Elite Skirmisher
36:43 Thumb Ring
37:48 Conscription
37:55 Ballistics
38:35 Chemistry
38:58 Onager
39:53 Tower Shields
39:57 Bracer
40:13 Leather Archer Armor
43:18 Elite Leitis
44:48 Chain Barding Armor
44:59 Ring Archer Armor
46:24 Plate Barding Armor
45:35 Treadmill Crane
46:06 Masonry
47:00 Two-Man Saw
48:51 Iron Casting
48:40 Capped Ram
52:02 Scale Mail Armor
King Luis VI
9:10 Loom
13:36 Feudal Age
18:38 Castle Age
20:54 Double-Bit Axe
22:32 Fishing Lines
33:18 Horse Collar
36:47 Wheelbarrow
40:50 Imperial Age
40:34 Hand Cart
41:20 Bow Saw
41:24 Scale Mail Armor
41:38 Forging
40:56 Capped Ram
43:06 Chain Mail Armor
42:45 Siege Ram
45:10 Ballistics
46:45 Heavy Scorpion
48:48 Gold Mining
JMB
5:44 Loom
14:00 Feudal Age
15:02 Town Watch
15:58 Double-Bit Axe
23:04 Castle Age
22:31 Scale Barding Armor
22:25 Gold Mining
25:52 Chain Barding Armor
31:47 Forging
33:31 Iron Casting
41:41 Imperial Age
39:50 Wheelbarrow
39:15 Stone Mining
41:41 Hand Cart
41:47 Cavalier
43:10 Plate Barding Armor
43:25 Conscription
43:53 Husbandry
45:17 Paladin
48:37 Blast Furnace
TKBXPT2214
5:28 Loom
18:11 Feudal Age
VolJeen
3:47 Loom
14:31 Feudal Age
15:06 Double-Bit Axe
19:39 Castle Age
17:44 Stone Mining
23:19 Bow Saw
23:54 Horse Collar
24:27 Fletching
24:37 Padded Archer Armor
29:02 Ballistics
30:15 Wheelbarrow
31:01 Bodkin Arrow
36:59 Redemption
42:11 Imperial Age
42:59 Padded Archer Armor
43:01 Bracer
43:32 Elite Skirmisher
44:18 Thumb Ring
44:48 Block Printing
44:45 Herbal Medicine
48:22 Leather Archer Armor
51:32 Stone Shaft Mining
scorpio
15:50 Feudal Age
16:22 Double-Bit Axe
23:10 Castle Age
24:56 Bow Saw
24:29 Horse Collar
24:13 Pikeman
28:08 Heavy Plow
28:44 Elite Skirmisher
29:31 Scale Mail Armor
31:10 Ballistics
30:31 Treadmill Crane
31:15 Loom
33:45 Gold Mining
38:05 Imperial Age
35:38 Stone Mining
36:21 Stronghold
37:18 Elite Skirmisher
40:14 Gold Shaft Mining
40:14 Stone Shaft Mining
40:17 Wheelbarrow
40:23 Fletching
41:42 Conscription
42:02 Guilds
42:21 Bodkin Arrow
42:37 Forging
43:43 Siege Engineers
44:05 Halberdier
48:02 Hand Cart
47:33 Town Watch
51:30 Masonry
51:17 Murder Holes
mtph
12:42 Loom
14:40 Feudal Age
15:49 Man-at-Arms
Briando
7:04 Loom
23:03 Feudal Age
25:10 Horse Collar
25:16 Double-Bit Axe
39:21 Castle Age
39:04 Scale Barding Armor
39:11 Bloodlines
40:29 Bow Saw
43:54 Heavy Plow
44:42 Husbandry
45:03 Chain Barding Armor
44:54 Forging
48:36 Ballistics
47:38 Elite Skirmisher
48:34 Squires
49:13 Pikeman
Connection lost

Rejoining the realm…

Still unreachable

The connection could not be restored.

Session expired

The server has moved on; the page needs a fresh start.